 Dungeon Crawl Stone Soup version 0.27.1-33-g824d729ab1 (webtiles) character file.

Game seed: 11758032117363652126

55 zeram the Caller (level 3, -1/31 HPs)
             Began as a Troll Summoner on Dec 8, 2021.
             Succumbed to an orc's poison
             ... on level 3 of the Dungeon.
             The game lasted 00:03:43 (2030 turns).

zeram the Caller (Troll Summoner)                   Turns: 2030, Time: 00:03:44

Health: -1/31      AC:  4    Str: 13 (16) XL:     3   Next: 67%
Magic:  0/4        EV: 10    Int: 11 (12) God:
Gold:   66         SH:  0    Dex:  8 (10) Spells: 1/4 levels left

rFire    . . .     SeeInvis .   g - +0 club
rCold    . . .     Faith    .   (no shield)
rNeg     . . .     Spirit   .   a - +0 robe
rPois    .         Reflect  .   (helmet restricted)
rElec    .         Harm     .   (no cloak)
rCorr    .         Rampage  .   (gloves unavailable)
Will     .....                  (boots unavailable)
Stlth    +.........             (no amulet)
HPRegen  1.10/turn              (no ring)
MPRegen  0.09/turn              (no ring)

@: lethally poisoned (-1 -> -10), on berserk cooldown, slowed, very slow
A: large, unfitting armour, claws 3, regeneration 1, shaggy fur 1, tough skin 1
a: no special abilities


You were on level 3 of the Dungeon.
You visited 1 branch of the dungeon, and saw 3 of its levels.

You collected 66 gold pieces.

Inventory:

Hand Weapons
 g - a +0 club (weapon)
Armour
 a - a +0 robe (worn)
Magical Staves
 h - a staff of fire
Scrolls
 b - 2 scrolls of teleportation {unknown}
 c - 2 scrolls of immolation {unknown}
 d - a scroll of silence {unknown}
 f - a scroll of torment {unknown}
 j - a scroll of fog {unknown}
 m - a scroll of amnesia {unknown}
 n - a scroll of vulnerability {unknown}
 o - a scroll of identify {unknown}
Potions
 l - a potion of lignification


   Skills:
 + Level 0.2 Maces & Flails
 * Level 2.4 Dodging
 - Level 1.0 Stealth
 - Level 1.3 Spellcasting
 * Level 3.5 Summonings


You had one spell level left.
You knew the following spells:

 Your Spells              Type           Power      Damage    Failure   Level
a - Summon Small Mammal   Summ           32%        N/A       8%          1
b - Call Imp              Summ           8%         N/A       11%         2

Your spell library contained the following spells:

 Spells                   Type           Power      Damage    Failure   Level
 Sandblast                Erth           0%         2d4       30%         1
 Call Canine Familiar     Summ           8%         N/A       22%         3
 Summon Guardian Golem    Hex/Summ       4%         N/A       41%         3
 Ensorcelled Hibernation  Hex/Ice        0%         N/A       43%         2
 Passwall                 Tmut/Erth      0%         N/A       43%         2
 Spider Form              Tmut/Pois      0%         N/A       67%         3
 Summon Lightning Spire   Summ/Air       4%         N/A       83%         4
 Lee's Rapid Deconstruct  Erth           0%         3d5*      100%        5
 Shadow Creatures         Summ           N/A        N/A       100%        6


Dungeon Overview and Level Annotations

Branches:
Dungeon (3/15)

Altars:


Innate Abilities, Weirdness & Mutations

You are too large for most types of armour.
You have claws for hands.
Your natural rate of healing is unusually fast.
You are covered in fur. (AC +1)
You have tough skin. (AC +1)


Message History

You are more poisoned.
Your crimson imp blinks!
It was a potion of degeneration.
There was something very wrong with that liquid.
You feel weakened.
You feel dopey.
You feel clumsy.
You feel very sick.
The orc hits you from afar with a +2 trident of venom.
You are lethally poisoned!
It was a potion of berserk rage.
A red film seems to cover your vision as you go berserk!
You feel yourself moving faster!
You feel mighty!
You feel very sick. The orc barely misses you.
The orc hits something but does no damage.
Your crimson imp blinks!
You are too berserk!
You feel a strong urge to attack something.
You feel very sick.
You feel very sick.
You feel your anger nearly subside.
You feel sick.
Your crimson imp hits the orc but does no damage.
You are no longer berserk.
You are exhausted.
You feel yourself slow down.
* * * LOW HITPOINT WARNING * * *
You feel sick.
* * * LOW HITPOINT WARNING * * *
You feel very sick.
You feel better.
Your crimson imp blinks!
The orc barely misses you.
Casting: Call Imp (safe; 11% risk of failure)
Confirm with . or Enter, or press ? or * to list all spells.
Your crimson imp misses the orc.
Your crimson imp blinks!
The orc hits you from afar with a +2 trident of venom!
* * * LOW HITPOINT WARNING * * *
You are lethally poisoned!
Your crimson imp hits the orc.
You die...

#.##.# #.##.#
#.##.# #.##.#
#.##.#
############.##.#
............>##.#
#######.#######.#
#@# #.# #.# #.#
#r# #.# ### #o#
#.# ... #g# #.#
... #o# #.# ...
#5# #.# #.##)#
#.# ####..#ยง##
#)#


You could see 2 orcs, a hobgoblin, a friendly crimson imp (summoned) and a
friendly rat (summoned).

Vanquished Creatures
  A dart slug (D:1)
  3 orcs (D:3)
  A ball python (D:2)
  4 endoplasms
  A giant cockroach (D:1)
  2 goblins
  9 hobgoblins
  2 quokkas
  4 bats
  2 frilled lizards (D:1)
  A kobold (D:3)
  5 rats
35 creatures vanquished.

Vanquished Creatures (collateral kills)
  2 adders (D:2)
  A quokka (D:3)
  A kobold (D:1)
4 creatures vanquished.

Grand Total: 39 creatures vanquished

Notes
Turn   | Place    | Note
-------+----------+-------------------------------------------
     0 | D:1      | zeram the Troll Summoner began the quest for the Orb.
     0 | D:1      | Reached XP level 1. HP: 16/16 MP: 1/1
    10 | D:1      | Reached skill level 3 in Summonings
   217 | D:1      | Reached XP level 2. HP: 24/24 MP: 3/3
   677 | D:1      | Found a faded altar of an unknown god.
  1100 | D:2      | Learned a level 2 spell: Call Imp
  1125 | D:2      | Reached XP level 3. HP: 31/31 MP: 4/4
  2030 | D:3      | Succumbed to an orc's poison

Illustrated notes

Levels and vault maps discovered:
D:1:      minmay_arrival_four_loops, layout_basic,
          chequers_ecumenical_altar_simple_redux, palyth_stone_intersect
D:2:      layout_loops_ring, kennysheep_big_empty_room
D:3:      layout_basic, uniq_terence, uniq_grinder

Skill      XL: |  1  2 |
---------------+-------+-----
Summonings     | 3 |  3.5
Dodging        | 2 |  2.4
Maces & Flails | |  0.2
Stealth        | |  1.0
Spellcasting   | |  1.3

Action                   || total
-------------------------++-------
Melee: Unarmed           ||    87
       Club              ||   117
 Cast: Summon Small Mamm ||     9
       Call Imp          ||    10
  Use: Potion            ||     5
 Stab: Sleeping          ||     1
Armor: Robe              ||    74
       Skin              ||    26
Dodge: Dodged            ||   128
